 Dungeon Crawl Stone Soup version 0.31-a0-931-g7b59d4eb97 (webtiles) character file.

Game seed: 17778936343143841753

630 pokeman the Thaumaturge (level 7, -9/40 HPs)
             Began as a Deep Elf Hedge Wizard on Oct 20, 2023.
             Mangled by Edmund
             ... wielding a +1 dire flail of venom
              (13 damage)
             ... on level 5 of the Dungeon.
             The game lasted 00:13:22 (5373 turns).

pokeman the Thaumaturge (Deep Elf Hedge Wizard)     Turns: 5373, Time: 00:13:23

Health: -9/40      AC:  4    Str:  7    XL:     7   Next: 24%
Magic:  10/20      EV: 13    Int: 27    God:
Gold:   122        SH:  0    Dex: 14    Spells: 14/22 levels left

rFire   . . .        v - +0 hand axe (heavy)
rCold   . . .        (no shield)
rNeg    . . .        b - +0 robe
rPois   .            c - +0 hat
rElec   .            (no cloak)
rCorr   +            B - +1 pair of gloves
SInv    .            (no boots)
Will    .....        j - amulet of regeneration
Stlth   +            l - ring of resist corrosion
HPRegen 1.06/turn    y - +6 ring of intelligence
MPRegen 0.17/turn

%: no passive effects
@: confused, lethally poisoned (-9 -> -18)
A: no striking features
a: no special abilities


You were on level 5 of the Dungeon.
You visited 1 branch of the dungeon, and saw 5 of its levels.

You collected 122 gold pieces.

Inventory:

Hand Weapons
 v - a +0 heavy hand axe (weapon)
Armour
 b - a +0 robe (worn)
 c - a +0 hat (worn)
 z - a +2 ring mail of cold resistance
 B - a +1 pair of gloves (worn)
Jewellery
 g - an amulet of guardian spirit
 j - an amulet of regeneration (around neck)
 k - an amulet of the acrobat
 l - a ring of resist corrosion (left hand)
 t - a ring of protection from cold
 y - a +6 ring of intelligence (right hand)
Wands
 q - a wand of light (12)
 s - a wand of flame (38)
Scrolls
 a - a scroll of torment {unknown}
 e - 4 scrolls of identify {unknown}
 f - 4 scrolls of fear {unknown}
 i - a scroll of noise {unknown}
 m - 2 scrolls of fog {unknown}
 o - 2 scrolls of teleportation {unknown}
 r - a scroll of silence {unknown}
 A - a scroll of enchant armour {unknown}
Potions
 d - 2 potions of magic
 h - a potion of mutation {unknown}
 n - a potion of curing {unknown}
 p - 2 potions of attraction {unknown}
 u - a potion of lignification {unknown}
 w - a potion of resistance {unknown}
 x - a potion of degeneration {unknown}


   Skills:
 - Level 2.0 Fighting
 + Level 1.2 Armour
 - Level 3.0 Dodging
 - Level 3.0 Stealth
 * Level 8.1 Spellcasting
 + Level 4.0 Conjurations
 - Level 1.1 Summonings
 - Level 1.1 Translocations
 - Level 1.1 Air Magic
 - Level 1.2 Poison Magic
 - Level 1.0 Evocations


You had 14 spell levels left.
You knew the following spells:

 Your Spells              Type           Power      Damage    Failure   Level
a - Magic Dart            Conj           100%       1d8       1%          1
b - Mephitic Cloud        Conj/Pois/Air  22%        N/A       7%          3
c - Call Imp              Summ           32%        N/A       4%          2
d - Blink                 Tloc           32%        N/A       4%          2

Your spell library contained the following spells:

 Spells                   Type           Power      Damage    Failure   Level
 Slow                     Hex            40%        N/A       5%          1
 Cigotuvi's Dreadful Rot  Necr/Pois/Air  30%        N/A       6%          2
 Ensorcelled Hibernation  Hex/Ice        20%        N/A       8%          2
 Jinxbite                 Hex            20%        N/A       8%          2
 Ozocubu's Armour         Ice            10%        N/A       16%         3
 Anguish                  Hex/Necr       5%         N/A       45%         4
 Ozocubu's Refrigeration  Ice            5%         4d8       100%        7


Dungeon Overview and Level Annotations

Branches:
Dungeon (5/15)
 Temple: D:4-7

Altars:
Ashenzari
Dithmenos
Hepliaklqana
Kikubaaqudgha
Okawaru
Uskayaw
Wu Jian
Zin
The Shining One

Shops:
D:2 =

Annotations:
D:5 Edmund


Message History

You are poisoned.
Found a shadowy altar of Dithmenos.
You feel very sick.
Your cerulean imp barely misses Edmund.
Edmund hits you with a +1 dire flail of venom!
Casting: Call Imp (safe; 4% risk of failure)
Confirm with . or Enter, or press ? or * to list all spells.
Aiming: Mephitic Cloud (dangerous; 7% risk of failure)
Press: ? - help, Shift-Dir - straight line, f/p - Edmund
Aim: Edmund, wielding a +1 dire flail of venom and wearing a +0 ring mail (severely wounded, ally target, chance to affect: 81%)
The ball explodes into a vile cloud!
The stinking cloud engulfs Edmund but does no damage.
Edmund is severely wounded.
The stinking cloud engulfs you but does no damage.
You are engulfed in noxious fumes.
You choke on the stench!
You are confused.
You feel sick.
Your cerulean imp hits Edmund but does no damage.
Edmund is engulfed in noxious fumes.
Edmund appears confused.
Unknown command.
You bump into the rock wall.
You are engulfed in noxious fumes.
You choke on the stench!
You are more confused.
You feel sick.
Your cerulean imp hits Edmund with a -3 spear.
Edmund is engulfed in noxious fumes.
Edmund appears confused.
Edmund laughs at nothing.
Edmund closely misses you.
You bump into the rock wall.
You are engulfed in noxious fumes.
You choke on the stench!
You are more confused.
You feel sick.
Your cerulean imp barely misses Edmund.
Edmund hits you with a +1 dire flail of venom!
* * * LOW HITPOINT WARNING * * *
You are lethally poisoned!
* * * LOW HITPOINT WARNING * * *
You feel very sick.
Your cerulean imp hits Edmund but does no damage.
Edmund hits you with a +1 dire flail of venom!
You die...

######. .## #. .. #. ##
.. .# ##' #§§_. ..# ##..
# #§§ .###..#####... ...
#.# ........ #....
.....###°###.....##......
.......°@................
..######@###....###......
#.5......###.#....
#####.....)..##...
#.####### ##..
#.###########+
#.#.......# #.
#.#.#####.# #. #.#.#
#.###.


You could see Edmund (confused, ally target) and a friendly cerulean imp
(summoned).

Vanquished Creatures
  2 scorpions
  5 hounds
  An orc priest (D:4)
  2 iguanas
  2 orc wizards
  4 gnolls (D:5)
  6 adders
  2 white imps
  3 worms (D:4)
  2 dart slugs
  12 orcs
  3 bats (D:1)
  7 endoplasms
  A giant cockroach (D:1)
  10 goblins
  6 hobgoblins
  4 jackals (D:3)
  2 kobolds (D:1)
  2 quokkas
  9 ball pythons
  3 frilled lizards
  3 rats
91 creatures vanquished.

Vanquished Creatures (collateral kills)
  Ijyb (D:2)
  A goblin (D:2)
2 creatures vanquished.

Grand Total: 93 creatures vanquished

Notes
Turn   | Place    | Note
-------+----------+-------------------------------------------
     0 | D:1      | pokeman the Deep Elf Hedge Wizard began the quest for the
                  | Orb.
     0 | D:1      | Reached XP level 1. HP: 10/10 MP: 7/7
    26 | D:1      | You fall into a shaft and drop 1 floor!
   197 | D:2      | Found an iron altar of Okawaru.
   460 | D:1      | Reached XP level 2. HP: 7/16 MP: 4/9
   560 | D:1      | Found a faded altar of an unknown god.
  1020 | D:1      | Reached skill level 5 in Spellcasting
  1621 | D:2      | Reached XP level 3. HP: 20/20 MP: 5/11
  1625 | D:2      | Learned a level 3 spell: Mephitic Cloud
  1628 | D:2      | Learned a level 2 spell: Call Imp
  1631 | D:2      | Learned a level 2 spell: Blink
  1751 | D:2      | Found Lennoceu's Jewellery Emporium.
  1775 | D:2      | Noticed Ijyb
  2039 | D:2      | Killed Ijyb
  2040 | D:2      | Reached skill level 1 in Fighting
  2040 | D:2      | Reached skill level 1 in Armour
  2652 | D:3      | Reached XP level 4. HP: 16/25 MP: 8/13
  3181 | D:3      | Found an iron altar of Okawaru.
  3384 | D:3      | Reached XP level 5. HP: 29/29 MP: 10/15
  3460 | D:4      | Reached skill level 6 in Spellcasting
  3818 | D:4      | Found an ornate altar of the Wu Jian Council.
  3820 | D:4      | Found a glowing silver altar of Zin.
  4064 | D:4      | Reached skill level 1 in Evocations
  4194 | D:4      | Reached skill level 1 in Air Magic
  4194 | D:4      | Reached skill level 1 in Poison Magic
  4194 | D:4      | Reached XP level 6. HP: 28/34 MP: 11/17
  4310 | D:4      | Reached skill level 7 in Spellcasting
  4348 | D:4      | Found a broken altar of Ashenzari.
  4509 | D:4      | Found a hazy altar of Hepliaklqana.
  4683 | D:4      | Found a hide-covered altar of Uskayaw.
  4685 | D:4      | Found an ancient bone altar of Kikubaaqudgha.
  4883 | D:5      | Entered Level 5 of the Dungeon
  4977 | D:5      | Reached XP level 7. HP: 21/39 MP: 7/20
  5059 | D:5      | Found a glowing golden altar of the Shining One.
  5250 | D:5      | Reached skill level 8 in Spellcasting
  5349 | D:5      | Noticed Edmund
  5369 | D:5      | Found a shadowy altar of Dithmenos.
  5373 | D:5      | Mangled by Edmund

Illustrated notes

Levels and vault maps discovered:
D:1:      roadster_arrival_rocket_large, layout_basic,
          ebering_ecumenical_altar_hall
D:2:      kennysheep_the_goblin_king, layout_loops_ring, basic_altar,
          serial_shops, shop, minmay_tree_intersection,
          nicolae_elevator_lobby_plus
D:3:      layout_loops_corners, mainiacjoe_overflow_small_starburst
D:4:      layout_loops_corners, ashenzari_altar_1,
          worldfamousw_hep_ancestral_shrine, nicolae_overflow_hidden_temple
D:5:      layout_loops_corners, grunt_dithmenos_smoke,
          nicolae_tso_carved_into_rock, serial_park_tiny_1, uniq_grinder,
          uniq_edmund

Skill      XL: |  1  2  3  4  5  6  7 |
---------------+----------------------+-----
Spellcasting   | 5 6 7 8 |  8.1
Fighting       | 1 2 |  2.0
Armour         | 1 |  1.2
Conjurations   | 2 3 4 |  4.0
Stealth        | 3 |  3.0
Dodging        | 3 |  3.0
Evocations     | 1 |  1.0
Air Magic      | 1 |  1.1
Poison Magic   | 1 |  1.2
Summonings     | |  1.1
Translocations | |  1.1

Action                     |  1- 3 |  4- 6 |  7- 9 || total
---------------------------+-------+-------+-------++-------
  Melee: Dagger            |    14 |    25 |       ||    39
         Hand axe          |       |    53 |     7 ||    60
   Cast: Magic Dart        |    92 |    94 |    33 ||   219
         Mephitic Cloud    |     4 |    16 |     2 ||    22
         Call Imp          |     2 |       |     2 ||     4
   Stab: Confused          |     2 |     5 |     1 ||     8
 Armour: Robe              |    16 |    50 |    12 ||    78
  Dodge: Dodged            |    15 |    63 |    16 ||    94

Table legend: (Time is in decaauts)
 A = Elapsed time spent in this place.
 B = Non-inter-level travel time spent in this place.
 C = Inter-level travel time spent in this place.
 D = Time resting spent in this place.
 E = Time spent auto-exploring this place.
 F = Levels seen in this place.
 G = Mean time per level.
                   A        B        C        D        E       F      G
               +--------+--------+--------+--------+--------+-----+--------+
         Total |   5426 |   5329 |     97 |    171 |   4477 |   5 | 1085.2 |
       Dungeon |   5426 |   5329 |     97 |    171 |   4477 |   5 | 1085.2 |
               +--------+--------+--------+--------+--------+-----+--------+

Top non-repeatable levels by time:
     D:4: 1462 daAuts
     D:1: 1208 daAuts
     D:3: 1201 daAuts
     D:2: 1046 daAuts
     D:5: 507 daAuts
